 Dungeon Crawl Stone Soup version 0.30-a0-368-g86fb4627a9 (webtiles) character file.

Game seed: 13566782904198262919

14147 RascalDebosk the Thaumaturge (level 12, -13/93 HPs)
             Began as a Djinni Necromancer on Nov 17, 2022.
             Was a Follower of Ashenzari.
             Mangled by a shadow (29 damage)
             ... on level 11 of the Dungeon on Nov 18, 2022.
             The game lasted 01:50:06 (11562 turns).

RascalDebosk the Thaumaturge (Djinni Necromancer)  Turns: 11562, Time: 01:50:07

Health: -13/93     AC:  9    Str: 13    XL:     12   Next: 41%
Gold:   1080       EV:  9    Int: 28    God:    Ashenzari [*.....] SH:  9 Dex: 10

rFire   + + +      SeeInvis .    S - +9 lance "Wyrmbane" {slay drac, rPois rF+ rC+ AC+3, Melee, Self} (curse)
rCold   + . .      Faith    +    V - +0 tower shield
rNeg    + . .      Spirit   .    G - +1 steam dragon scales
rPois   ∞          Reflect  .    (no helmet)
rElec   .          Harm     .    (no cloak)
rCorr   .          Rampage  .    (no gloves)
Will    ++...                    (boots unavailable)
Stlth   ++........               J - amulet of the Oracular Cosmos {Faith rN+ Will+ Dex-5, Self, Evo} (curse)
HPRegen 0.35/turn                C - ring of Demons {rF+ Str+6 Int+3}
MPRegen 0.00/turn                W - ring of Tamp {rC+ MP+9 Int+4}

@: flying, slowed, studying Evocations, very slow
A: sickness immunity, fire resistance 2, cold vulnerability 1, float, innate
caster, HP casting, extra vitality 1
a: Renounce Religion, Shatter the Chains


You were on level 11 of the Dungeon.
You worshipped Ashenzari.
Ashenzari was aware of your devotion.
You visited 2 branches of the dungeon, and saw 12 of its levels.

You collected 1080 gold pieces.

Inventory:

Hand Weapons
 x - a +2 scimitar of flaming
 S - the cursed +9 lance "Wyrmbane" (weapon) {slay drac, rPois rF+ rC+ AC+3, Melee, Self}
   (You took it off Maggie on level 6 of the Dungeon)

   It inflicts extra damage against dragons and draconians.
   AC:        It affects your AC (+3).
   rF:        It protects you from fire.
   rC:        It protects you from cold.
   rPois:     It protects you from poison.
   It has a curse which improves the following skills: Melee Combat: Short
   Blades, Long Blades, Axes, Maces & Flails, Polearms, Staves and Unarmed
   Combat.
   Introspection: Fighting and Spellcasting.
Missiles
 U - a throwing net {@!f}
Armour
 G - +1 steam dragon scales (worn)
 V - a +0 tower shield (worn)
Magical Staves
 z - a staff of death
 X - a staff of poison
Jewellery
 b - an amulet of the acrobat
 k - a ring of protection from cold
 s - a ring of wizardry
 C - the ring of Demons (left hand) {rF+ Str+6 Int+3}
   (You found it on level 11 of the Dungeon)

   [ring of strength]

   Str:       It affects your strength (+6).
   Int:       It affects your intelligence (+3).
   rF:        It protects you from fire.
 D - an amulet of reflection
 J - the cursed amulet of the Oracular Cosmos (around neck) {Faith rN+ Will+ Dex-5, Self, Evo}
   (You found it on level 6 of the Dungeon)

   [amulet of faith]

   It allows you to gain divine favour quickly.
   Dex:       It affects your dexterity (-5).
   rN:        It protects you from negative energy.
   Will:      It increases your willpower.
   It has a curse which improves the following skills: Introspection: Fighting
   and Spellcasting.
   Evocations: Evocations.
 N - a +6 ring of dexterity
 P - a +4 ring of protection
 W - the ring of Tamp (right hand) {rC+ MP+9 Int+4}
   (You found it on level 11 of the Dungeon)

   [ring of protection from cold]

   Int:       It affects your intelligence (+4).
   rC:        It protects you from cold.
   MP:        It affects your magic capacity (+9).
Wands
 i - a wand of digging (10)
 j - a wand of mindburst (7)
 r - a wand of acid (18)
 y - a wand of iceblast (22)
 A - a wand of flame (10)
 E - a wand of polymorph (13)
 Q - a wand of charming (3)
Scrolls
 e - 2 scrolls of fear
 g - 3 scrolls of blinking
 h - 3 scrolls of brand weapon
 l - a scroll of torment
 m - a scroll of poison
 o - a scroll of immolation
 t - 5 scrolls of teleportation
 w - 2 scrolls of enchant weapon
 L - 2 scrolls of magic mapping
Potions
 a - 7 potions of lignification
 c - 5 potions of heal wounds
 d - 7 potions of curing
 f - a potion of might
 n - 2 potions of resistance
 u - 3 potions of brilliance
 v - a potion of berserk rage
 B - a potion of cancellation
 H - 2 potions of haste
 I - 2 potions of ambrosia
 K - a potion of mutation
 R - 4 potions of invisibility
Miscellaneous
 q - a tin of tremorstones (2/2)
 F - a phial of floods


   Skills:
 + Level 9.6(10.9) Fighting
 - Level 3.2(4.0) Polearms
 - Level 5.3 Dodging
 - Level 1.5 Stealth
 * Level 11.7(12.9) Spellcasting
 + Level 8.1(9.0) Evocations


You had 9 spell levels left.
You knew the following spells:

 Your Spells              Type           Power      Damage    Failure   Level
a - Necrotise             Necr           100%       1d9       1%          1
b - Vampiric Draining     Necr           74%        2d11      1%          3
c - Animate Dead          Necr           74%        N/A       2%          4
d - Agony                 Necr           74%        N/A       8%          5
e - Summon Small Mammal   Summ           100%       N/A       1%          1
f - Passwall              Tmut/Erth      61%        N/A       1%          2
g - Blink                 Tloc           100%       N/A       1%          2
h - Airstrike             Air            37%        2d(6-22)  2%          4
i - Borgnjor's Vile Clut  Necr/Erth      37%        N/A       8%          5
Your spell library was empty.

Dungeon Overview and Level Annotations

Branches:
Dungeon (11/15)            Temple (1/1) D:4            Lair (0/5) D:8
    Orc: D:9-12

Altars:
Ashenzari
Cheibriados
Dithmenos
Elyvilon
Fedhas
Gozag
Hepliaklqana
Makhleb
Nemelex Xobeh
Okawaru
Qazlal
Ru
Trog
Uskayaw
Wu Jian
Xom
Yredelemnul
Zin
The Shining One
Jiyva


Innate Abilities, Weirdness & Mutations

You are immune to sickness and miasma.
You are immune to poison.
Your flesh is very heat resistant. (rF++)
You are vulnerable to cold. (rC-)
You float through the air rather than walking.
You learn spells naturally, not from books.
Your magical power is your life essence.
You have superior vitality. (+4 MHP)


Message History

The wraith is lightly damaged.
The wraith hits you! The wraith drains your vigour!
You feel as though you will be slow longer.
The shadow strikes at you from the darkness!
Reactivating autopickup.
The wraith hits you! The wraith drains your vigour!
You feel as though you will be slow longer.
The shadow hits you! The shadow attacks as you move away!
You block the shadow's attack.
Your troll zombie bites the wraith but does no damage.
Your troll zombie barely misses the wraith.
Your troll zombie misses the wraith.
The wraith closely misses you.
You hit the wraith but do no damage. The wraith closely misses you.
Your troll zombie closely misses the wraith.
Your troll zombie claws the wraith.
Your troll zombie claws the wraith but does no damage.
You block the wraith's attack.
Your troll zombie barely misses the wraith.
Your troll zombie claws the wraith but does no damage.
Your troll zombie closely misses the wraith.
You closely miss the wraith.
The wraith is lightly damaged.
The wraith barely misses your troll zombie.
Your troll zombie bites the wraith.
Your troll zombie claws the wraith!
Your troll zombie claws the wraith but does no damage.
You block the wraith's attack.
You hit the wraith but do no damage.
The wraith is moderately damaged.
The wraith completely misses your troll zombie.
Your troll zombie bites the wraith but does no damage.
Your troll zombie barely misses the wraith.
Your troll zombie claws the wraith but does no damage.
The wraith barely misses your troll zombie.
Your troll zombie bites the wraith.
Your troll zombie claws the wraith.
Your troll zombie claws the wraith!
You strike the helpless wraith from behind!
You puncture the wraith!
You destroy the wraith!
The shadow strikes at your troll zombie from the darkness!
Your troll zombie misses the shadow.
Your troll zombie completely misses the shadow.
Your troll zombie barely misses the shadow.
The shadow slips into darkness.
The shadow flickers and vanishes!
Deactivating autopickup; reactivate with Ctrl-A.
You hear a shout! x2
Your Evocations skill increases to level 8!
You hit something.
You hear a shout! x2
An orc wizard comes into view. It is wielding a +0 dagger.
The shadow strikes at you from the darkness!
* * * LOW HITPOINT WARNING * * *
Reactivating autopickup.
Your troll zombie bites the shadow!
Your troll zombie claws the shadow.
Your troll zombie barely misses the shadow.
The shadow slips into darkness.
The shadow flickers and vanishes!
Deactivating autopickup; reactivate with Ctrl-A.
You closely miss something.
The shadow strikes at you from the darkness!
* * * LOW HITPOINT WARNING * * *
Reactivating autopickup.
Your troll zombie bites the shadow but does no damage.
Your troll zombie claws the shadow.
Your troll zombie claws the shadow but does no damage.
A cyclops comes into view.
An orc warrior comes into view. It is wielding a +0 short sword.
The shadow hits your troll zombie!
Your troll zombie bites the shadow but does no damage.
Your troll zombie claws the shadow!
The shadow is destroyed!
You block the orc wizard's attack. You block the shadow's attack.
A komodo dragon comes into view.
The shadow hits you.
* * * LOW HITPOINT WARNING * * *
You puncture the shadow!
The shadow is moderately damaged.
The shadow hits you.
* * * LOW HITPOINT WARNING * * *
You block the orc warrior's attack.
An orc warrior comes into view. It is wielding a +0 glaive.
The shadow hits you.
* * * LOW HITPOINT WARNING * * *
Casting: Airstrike (dangerous; 2% risk of failure)
Confirm with . or Enter, or press ? or * to list all spells.
You blink.
* * * LOW HITPOINT WARNING * * *
The orc warrior hits your troll zombie with a +0 short sword!
Your troll zombie completely misses the shadow.
Your troll zombie closely misses the shadow.
Your troll zombie claws the shadow but does no damage.
The shadow slips into darkness.
The shadow flickers and vanishes!
Deactivating autopickup; reactivate with Ctrl-A.
The orc warrior hits your troll zombie with a +0 short sword.
There is an open door here.
The shadow strikes at your troll zombie from the darkness!
Your troll zombie is destroyed!
The shadow strikes at you from the darkness!
You die...

#..#,
,#.##.#.##Z#....#.#
#..+ ,
+.*##Z###.'....#.# ,
#.##Z#.##.#....#.# ,
#.#.###.#.#......### ,
* #..######.#.........
, ,#.........#.........
* +
#####'#####.#....... *
##.#.## #.#....... # *
##@#.#.###.#....... ,#.
*##{##Z##.##.########
###.#.#####.##)=.##.#.#
+....Coo.oo.#.)8).#.+.#
####o#.###.##)..##.#.#
,#..###.##.##.##.# *
#..# ##.###.## * ####
##.#.## ###
########'#####.# #..


You could see 2 orc warriors.

Vanquished Creatures
  A stone giant (D:11)
  A boulder beetle (D:11)
  Lodul (D:10)
  A deep troll (D:11)
  Pikel (D:4)
  A deep elf zephyrmancer (D:6)
  A cyclops (D:11)
  A manticore (D:11)
  Maggie (D:6)
  An efreet (D:10)
  3 trolls (D:11)
  A hornet (D:7)
  Grinder (D:4)
  A slime creature (D:10)
  2 wraiths
  A shadow (D:9)
  15 yaks
  2 wargs (D:8)
  2 acid dragons
  2 water moccasins
  2 orc warriors
  2 black bears
  6 ogres
  4 centaurs
  6 kobold brigands
  3 necrophages (D:6)
  2 scorpions (D:4)
  A gnoll sergeant (D:9)
  3 vampire bats (D:10)
  A howler monkey (D:10)
  3 orc priests
  3 jellies (D:10)
  2 gnoll boudas
  4 hounds
  3 iguanas
  7 orc wizards
  12 gnolls
  4 adders
  A shadow imp (D:7)
  3 white imps
  An ufetubus (D:5)
  3 worms
  A dart slug (D:2)
  22 orcs
  8 bats
  2 endoplasms (D:4)
  9 giant cockroaches (D:1)
  3 goblins
  5 hobgoblins
  28 kobolds
  4 quokkas
  3 ball pythons
  2 frilled lizards
  5 rats
208 creatures vanquished.

Vanquished Creatures (collateral kills)
  A two-headed ogre (D:9)
  A hornet (D:9)
  Sigmund (D:2)
  A shadow (D:11)
  4 yaks (D:9)
  A warg (D:8)
  An ogre (D:10)
  A kobold brigand (D:8)
  A bullfrog (D:8)
  A hound (D:5)
  A jelly (D:8)
  An orc wizard (D:8)
  3 gnolls (D:6)
  A shadow imp (D:7)
  6 orcs
  An endoplasm (D:1)
  A giant cockroach (D:1)
  8 kobolds (D:8)
35 creatures vanquished.

Vanquished Creatures (others)
  A warg zombie (D:8)
  2 troll zombies (D:11)
  6 yak zombies (D:9)
  2 centaur zombies (D:10)
  2 ogre zombies (D:10)
  5 kobold zombies (D:7)
  A hound zombie (D:4)
  A goblin zombie (D:4)
  9 orc zombies
  2 plants (D:8)
31 creatures vanquished.

Grand Total: 274 creatures vanquished

Notes
Turn   | Place    | Note
-------+----------+-------------------------------------------
     0 | D:1      | RascalDebosk the Djinni Necromancer began the quest for the
                  | Orb.
     0 | D:1      | RascalDebosk set off with the following spells memorised:
                  | Necrotise, Vampiric Draining, Animate Dead, Agony.
     0 | D:1      | Reached XP level 1. HP: 15/15 MP: 0/0
   107 | D:1      | Reached XP level 2. HP: 17/21 MP: 0/0
   256 | D:1      | Reached XP level 3. HP: 23/25 MP: 0/0
   256 | D:1      | Learned a level 1 spell: Summon Small Mammal
   530 | D:1      | Reached skill level 4 in Spellcasting
  1205 | D:2      | Noticed Sigmund
  1219 | D:2      | Killed Sigmund
  1220 | D:2      | Reached skill level 5 in Spellcasting
  1220 | D:2      | Reached skill level 1 in Fighting
  1220 | D:2      | Reached XP level 4. HP: 20/32 MP: 0/0
  1220 | D:2      | Reached XP level 5. HP: 23/37 MP: 0/0
  1220 | D:2      | Learned a level 2 spell: Passwall
  1220 | D:2      | Reached XP level 6. HP: 26/42 MP: 0/0
  2575 | D:4      | Found a staircase to the Ecumenical Temple.
  2596 | Temple   | Entered the Ecumenical Temple
  2684 | Temple   | Became a worshipper of Ashenzari the Shackled
  2736 | D:4      | Found a hide-covered altar of Uskayaw.
  2873 | D:4      | Reached XP level 7. HP: 6/49 MP: 0/0
  2873 | D:4      | Learned a level 2 spell: Blink
  3290 | D:4      | Noticed Pikel
  3310 | D:4      | Killed Pikel
  3311 | D:4      | Reached skill level 6 in Spellcasting
  3311 | D:4      | Reached XP level 8. HP: 26/58 MP: 0/0
  3568 | D:4      | Reached skill level 7 in Spellcasting
  3570 | D:4      | Found a stormy altar of Qazlal.
  3622 | D:4      | Noticed Grinder
  3643 | D:4      | Killed Grinder
  3919 | D:5      | Entered Level 5 of the Dungeon
  3929 | D:5      | Reached XP level 9. HP: 52/64 MP: 0/0
  3929 | D:5      | Learned a level 4 spell: Airstrike
  4023 | D:5      | Reached skill level 5 in Fighting
  4758 | D:6      | Found an opulent altar of Gozag.
  4787 | D:6      | Noticed Maggie
  4796 | D:6      | Killed Maggie
  4797 | D:6      | Reached skill level 8 in Spellcasting
  5232 | D:6      | Noticed a deep elf zephyrmancer
  5238 | D:6      | Killed a deep elf zephyrmancer
  5239 | D:6      | Reached skill level 5 in Dodging
  5469 | D:6      | Reached XP level 10. HP: 69/73 MP: 0/0
  5703 | D:6      | Identified the amulet "Wouqeid" {Faith rN+ Will+ Dex-5}
  6159 | D:7      | Found a blossoming altar of Fedhas.
  6249 | D:7      | Reached skill level 1 in Evocations
  6740 | D:7      | Reached skill level 9 in Spellcasting
  6862 | D:7      | Reached * piety under Ashenzari
  7092 | D:8      | Reached skill level 1 in Polearms
  7132 | D:8      | Found a staircase to the Lair.
  7576 | D:8      | Found a glowing golden altar of the Shining One.
  7924 | D:9      | Noticed a two-headed ogre
  7933 | D:9      | Killed a two-headed ogre
  7934 | D:9      | Reached XP level 11. HP: 32/84 MP: 0/0
  7934 | D:9      | Learned a level 5 spell: Borgnjor's Vile Clutch
  7962 | D:9      | Reached skill level 10 in Spellcasting
  8384 | D:9      | Identified a scroll of acquirement
  8406 | D:9      | Acquired a manual of Evocations
  8708 | D:9      | Identified the +1 pair of boots of the Spider Nest {Fly
                  | rElec rN+ Slay-4}
  8710 | D:9      | Upgraded the game from 0.30-a0-365-ge7f957f1db to
                  | 0.30-a0-368-g86fb4627a9
  9035 | D:10     | Entered Level 10 of the Dungeon
  9242 | D:10     | Reached ** piety under Ashenzari
  9320 | D:10     | Found a viscous altar of Jiyva.
  9757 | D:10     | Noticed Lodul
  9764 | D:10     | Killed Lodul
  9765 | D:10     | Reached skill level 5 in Evocations
  9894 | D:10     | Found a burning altar of Makhleb.
 10254 | D:10     | Reached skill level 11 in Spellcasting
 10476 | D:11     | Reached XP level 12. HP: 58/94 MP: 0/0
 11305 | D:11     | Noticed a boulder beetle
 11310 | D:11     | Killed a boulder beetle
 11337 | D:11     | Noticed a stone giant
 11337 | D:11     | Identified the +7 lajatang "Fiedof" {vorpal, Str+3}
 11338 | D:11     | Noticed a deep troll
 11338 | D:11     | Identified the ring of Demons {rF+ Str+6 Int+3}
 11338 | D:11     | Identified the +3 demon whip of the Fresh God {flame,
                  | rPois}
 11338 | D:11     | Identified the ring of Tamp {rC+ MP+9 Int+4}
 11342 | D:11     | Killed a deep troll
 11351 | D:11     | Killed a stone giant
 11562 | D:11     | Mangled by a shadow

Illustrated notes

Levels and vault maps discovered:
D:1:      wheals_arrival_linesprint, layout_basic, minmay_worlds_worst_comb
D:2:      layout_basic, roderic_lattice_a, chequers_serial_rivers_small_3,
          minmay_parallelograms, uniq_sigmund
D:3:      layout_basic
D:4:      layout_loops_ring, palyth_temple_overflow_mages,
          amcnicky_altar_gilded, mainiacjoe_overflow_concentric_impassable,
          temple_fountains, wad_orctagon, uniq_grinder, uniq_pikel
D:5:      layout_basic, minmay_strange_pillars, minmay_tree_intersection
D:6:      layout_layer_cave, grunt_gozag_breadcrumbs, guppyfry_early_elven_hall,
          uniq_maggie
D:7:      layout_loops_ring, mainiacjoe_overflow_24_doors
D:8:      layout_cave_pools, tso_altar, erik_lair_orcish_takeover
D:9:      layout_roguey, minivault_19, hex_large, corner_web_ring,
          minmay_misc_feat_iff
D:10:     layout_loops_corners, mainiacjoe_overflow_paths,
          grunt_decor_resistance, roderic_batcave, jiyva_altar_1, uniq_lodul
D:11:     layout_basic, minmay_the_grid_2x2 [minmay_the_grid_box_x,
          minmay_the_grid_minigrid_small, minmay_the_grid_rooms,
          minmay_the_grid_prize_diamond_cup]
Temple:   hellmonk_temple_forest_ring

Skill      XL: |  1  2  3  4  5  6  7  8  9 10 11 12 |
---------------+-------------------------------------+-----
Spellcasting   | 5 6 7 8 9 11 | 11.7
Fighting       | 1 2 3 4 6 7 9 |  9.6
Dodging        | 3 5 |  5.3
Evocations     | 2 6 8 |  8.1
Polearms       | 2 3 |  3.2
Stealth        | |  1.5

Action                   |  1- 3 |  4- 6 |  7- 9 | 10-12 || total
-------------------------+-------+-------+-------+-------++-------
Melee: Falchion          |       |    37 |    30 |       ||    67
       Punch             |       |     1 |       |     2 ||     3
       Lance             |       |       |    35 |   127 ||   162
 Cast: Necrotise         |    52 |    33 |    12 |    14 ||   111
       Vampiric Draining |     4 |     7 |    38 |    44 ||    93
       Summon Small Mamm |     1 |       |     8 |       ||     9
       Animate Dead      |       |     2 |     7 |    11 ||    20
       Agony             |       |       |     3 |       ||     3
       Airstrike         |       |       |     4 |    55 ||    59
       Borgnjor's Vile C |       |       |       |    47 ||    47
       Blink             |       |       |       |     1 ||     1
Invok: Curse Item        |       |       |     1 |     2 ||     3
       Shatter the Chain |       |       |       |     1 ||     1
Evoke: Wand              |       |       |     4 |       ||     4
  Use: Scroll            |       |       |     4 |     2 ||     6
       Potion            |       |       |       |     2 ||     2
 Stab: Sleeping          |       |       |     1 |     2 ||     3
       Distracted        |       |       |       |     2 ||     2
Armor: Robe              |       |     7 |    10 |       ||    17
       Steam dragon scal |       |       |    14 |    51 ||    65
Dodge: Dodged            |    11 |    47 |   101 |   154 ||   313
Block: Other             |       |       |    16 |    33 ||    49
       Reflection        |       |       |       |     2 ||     2
       Buckler           |       |       |       |     5 ||     5
       Tower shield      |       |       |       |     6 ||     6

Table legend: (Time is in decaauts)
 A = Elapsed time spent in this place.
 B = Non-inter-level travel time spent in this place.
 C = Inter-level travel time spent in this place.
 D = Time resting spent in this place.
 E = Time spent auto-exploring this place.
 F = Levels seen in this place.
 G = Mean time per level.
                   A        B        C        D        E       F      G
               +--------+--------+--------+--------+--------+-----+--------+
         Total |  11593 |  11355 |    238 |    469 |   8303 |  12 |  966.1 |
       Dungeon |  11499 |  11261 |    238 |    469 |   8230 |  11 | 1045.4 |
        Temple |     93 |     93 |      0 |      0 |     73 |   1 |   93.0 |
               +--------+--------+--------+--------+--------+-----+--------+

Top non-repeatable levels by time:
    D:10: 1417 daAuts
     D:6: 1320 daAuts
     D:4: 1263 daAuts
     D:9: 1220 daAuts
    D:11: 1118 daAuts
     D:2: 1028 daAuts
     D:7: 986 daAuts
     D:1: 958 daAuts
     D:5: 830 daAuts
     D:8: 770 daAuts
     D:3: 585 daAuts
  Temple: 93 daAuts
